 Dungeon Crawl Stone Soup version 0.22.1-2-g9c5b331 (webtiles) character file.

585 diana the Slasher (level 7, 50/50 HPs)
             Began as a Demonspawn Gladiator on Nov 17, 2018.
             Quit the game on level 5 of the Dungeon.
             The game lasted 00:06:57 (3813 turns).

diana the Slasher (Demonspawn Gladiator)            Turns: 3813, Time: 00:06:58

Health: 50/50      AC:  9    Str: 15    XL:     7   Next: 15%
Magic:  7/7        EV: 12    Int: 10    God:
Gold:   46         SH:  4    Dex: 15    Spells: 6/6 levels left

rFire    . . .     SeeInvis .   n - +2 falchion (distort)
rCold    . . .     Gourm    .   (no shield)
rNeg     + . .     Faith    .   p - +0 ring mail {MR+}
rPois    .         Spirit   .   A - +2 helmet
rElec    .         Reflect  .   r - +0 cloak
rCorr    .         Harm     .   (no gloves)
MR       +....                  (boots unavailable)
Stlth    ..........             m - amulet of magic regeneration
HPRegen  0.16/turn              j - ring of positive energy
MPRegen  0.35/turn              (no ring)

@: no status effects
A: hooves 3, large bone plates 1, foul stench 1, rot immunity
a: no special abilities


You were on level 5 of the Dungeon.
You were not hungry.

You visited 1 branch of the dungeon, and saw 5 of its levels.

You collected 227 gold pieces.
You spent 181 gold pieces at shops.

Inventory:

Hand Weapons
 a - a +0 long sword
 n - a +2 falchion of distortion (weapon)
Missiles
 d - 3 throwing nets (quivered)
Armour
 p - a +0 ring mail of magic resistance (worn)
 r - a +0 cloak (worn)
 s - a +2 pair of boots
 A - a +2 helmet (worn)
Jewellery
 j - a ring of positive energy (left hand)
 m - an amulet of magic regeneration (around neck)
Wands
 b - a wand of random effects (32)
Scrolls
 c - 3 scrolls of fear {unknown}
 e - 3 scrolls of immolation {unknown}
 g - 13 scrolls of identify {unknown}
 h - 3 scrolls of fog {unknown}
 i - 3 scrolls of amnesia {unknown}
 k - a scroll of enchant weapon {unknown}
 l - 4 scrolls of teleportation {unknown}
 t - a scroll of magic mapping {unknown}
 y - a scroll of remove curse {unknown}
 z - a scroll of enchant armour {unknown}
Potions
 o - a potion of magic {unknown}
 u - a potion of agility {unknown}
 v - a potion of resistance {unknown}
 w - a potion of heal wounds {unknown}
 x - a potion of haste {unknown}
Comestibles
 f - 7 rations


   Skills:
 - Level 2.0 Fighting
 + Level 7.5 Long Blades
 - Level 1.8 Throwing
 - Level 2.7 Dodging


You had 6 spell levels left.
You didn't know any spells.
Your spell library was empty.

Dungeon Overview and Level Annotations

Branches:
Dungeon (5/15)
 Temple: D:4-7

Altars:
Gozag
Nemelex Xobeh
Qazlal
Ru
Vehumet
Xom

Shops:
D:4 [

Annotations:
D:2 Natasha
D:5 Duvessa


Innate Abilities, Weirdness & Mutations

You have hooves in place of feet.
You are partially covered in large bone plates. (SH +4)
You may emit foul miasma when damaged in melee.
You are immune to rotting.


Message History

An iguana comes into view.
You hit the iguana.
The iguana is lightly wounded.
The iguana disappears!
No target in view!
No target in view!
No target in view!
No target in view!
No target in view!
No target in view!
No target in view!
No target in view!
No target in view!
Found a stone staircase leading up.
Done exploring.
Done exploring.
Unknown command.
Search for what [? for help]?
Okay, then.
Are you sure you want to abandon this character and quit the game? (Confirm

#.# #.# #.# #.#
#######.######## #.#
........#....((# #.#
#########.####.######.#
........#.#...(.....#.#
#######.#.#.##.####.#.#
#.#.#..#.#.##.#.#
####.#.#.#..#@##.#.#
#....#.#....#<...#.#
#....#.###..######.##
#....#.# #..........#
####....#.#
#.##########
..........# #.#
####....### #.# #....#
#.### ####.# #...#


There were no monsters in sight!

Vanquished Creatures
  2 scorpions (D:5)
  Dowan (D:5)
  A crimson imp (D:5)
  2 hounds (D:5)
  A quasit (D:5)
  2 centaur skeletons
  Natasha (D:2)
  2 worker ants
  4 adders
  A shadow imp (D:5)
  An adder zombie (D:5)
  2 worms
  A dart slug (D:2)
  5 leopard geckos
  3 orcs
  2 ball pythons
  3 bats
  5 giant cockroaches
  2 goblins
  5 hobgoblins
  A quokka (D:3)
  9 frilled lizards
  A jackal zombie (D:5)
  4 kobolds
  6 rats
67 creatures vanquished.

Vanquished Creatures (others)
  A centaur (D:5)
  A worker ant (D:5)
  2 oozes
  A leopard gecko (D:5)
  A quokka (D:5)
  A kobold (D:3)
7 creatures vanquished.

Grand Total: 74 creatures vanquished

Notes
Turn   | Place    | Note
-------+----------+-------------------------------------------
     0 | D:1      | diana the Demonspawn Gladiator began the quest for the Orb.
     0 | D:1      | Reached XP level 1. HP: 16/16 MP: 1/1
   351 | D:1      | Reached skill level 3 in Long Blades
   402 | D:1      | Gained mutation: You are immune to rotting. [demonic
                  | ancestry]
   402 | D:1      | Reached XP level 2. HP: 20/22 MP: 2/2
   893 | D:2      | Noticed Natasha
   896 | D:2      | Killed Natasha
   896 | D:2      | Reached skill level 4 in Long Blades
   896 | D:2      | Gained mutation: You may emit foul miasma when damaged in
                  | melee. [demonic ancestry]
   896 | D:2      | Reached XP level 3. HP: 27/27 MP: 3/3
  1020 | D:2      | Found a sparkling altar of Nemelex Xobeh.
  1067 | D:2      | Noticed Natasha
  1616 | D:3      | Gained mutation: You have large cloven feet. [demonic
                  | ancestry]
  1616 | D:3      | Reached XP level 4. HP: 33/33 MP: 4/4
  1732 | D:3      | Found a radiant altar of Vehumet.
  2302 | D:4      | Reached skill level 5 in Long Blades
  2424 | D:4      | Found Seocaukh's Armour Shop.
  2497 | D:4      | Found an opulent altar of Gozag.
  2518 | D:4      | Gained mutation: You are partially covered in large bone
                  | plates. (SH +4) [demonic ancestry]
  2518 | D:4      | Reached XP level 5. HP: 38/38 MP: 5/5
  2638 | D:4      | Found a stormy altar of Qazlal.
  2801 | D:4      | Bought a +2 helmet for 181 gold pieces
  2826 | D:5      | Entered Level 5 of the Dungeon
  2826 | D:5      | Found a shimmering altar of Xom.
  2978 | D:5      | Reached skill level 6 in Long Blades
  2978 | D:5      | Gained mutation: You have hoof-like feet. [demonic
                  | ancestry]
  2978 | D:5      | Reached XP level 6. HP: 37/44 MP: 6/6
  3294 | D:5      | Reached skill level 7 in Long Blades
  3325 | D:5      | Found a sacrificial altar of Ru.
  3559 | D:5      | Noticed Duvessa
  3559 | D:5      | Noticed Dowan
  3571 | D:5      | Killed Dowan
  3571 | D:5      | Gained mutation: You have hooves in place of feet. [demonic
                  | ancestry]
  3571 | D:5      | Reached XP level 7. HP: 37/50 MP: 7/7
  3813 | D:5      | Quit the game

Skill      XL: |  1  2  3  4  5  6 |
---------------+-------------------+-----
Long Blades    | 3 4 5 6 7 |  7.5
Fighting       | |  2.0
Throwing       | |  1.8
Dodging        | |  2.7

Action                   |  1- 3 |  4- 6 |  7- 9 || total
-------------------------+-------+-------+-------++-------
Melee: Long sword        |    37 |       |       ||    37
       Falchion          |    33 |   132 |    10 ||   175
       Kick              |       |       |     3 ||     3
 Stab: Sleeping          |     2 |       |       ||     2
  Eat: Ration            |     1 |     1 |     1 ||     3
Armor: Leather armour    |    17 |       |       ||    17
       Ring mail         |     4 |    48 |     2 ||    54
Dodge: Dodged            |    39 |    62 |     3 ||   104
Block: Other             |       |    10 |     1 ||    11
       Rpst.: Long sword |     7 |       |       ||     7
       Falchion          |     5 |    15 |     1 ||    21
